 Dungeon Crawl Stone Soup version 0.26-a0-540-g8a0c9464d7 (webtiles) character file.

Game seed: 16894854263296977823

(classic levelgen) 24 EnegeticOcto the Chopper (level 2, -1/27 HPs)
             Began as a Deep Dwarf Fighter on Aug 17, 2020.
             Slain by Sigmund
             ... wielding a +3 scythe of protection
              (13 damage)
             ... on level 3 of the Dungeon.
             The game lasted 00:02:07 (276 turns).

EnegeticOcto the Chopper (Deep Dwarf Fighter)        Turns: 276, Time: 00:02:07

Health: -1/27      AC:  6    Str: 19    XL:     2   Next: 79%
Magic:  0/0        EV:  7    Int:  8    God:
Gold:   91         SH:  0    Dex: 12    Spells: 1/1 levels left

rFire    . . .     SeeInvis .   a - +0 war axe
rCold    . . .     Faith    .   c - +0 kite shield
rNeg     . . .     Spirit   .   b - +0 scale mail
rPois    .         Reflect  .   (no helmet)
rElec    .         Harm     .   (no cloak)
rCorr    .                      (no gloves)
MR       .....                  (no boots)
Stlth    ..........             (no amulet)
HPRegen  0.00/turn              (no ring)
MPRegen  0.07/turn              (no ring)

@: confused, mighty, non-regenerating
A: damage resistance, heal wounds, sense surroundings 1, no regeneration
a: Heal Wounds


You were on level 3 of the Dungeon.
You visited 1 branch of the dungeon, and saw 3 of its levels.

You collected 91 gold pieces.

Inventory:

Hand Weapons
 a - a +0 war axe (weapon)
Armour
 b - a +0 scale mail (worn)
 c - a +0 kite shield (worn)
Scrolls
 e - 2 scrolls of teleportation {unknown}
 g - a scroll of random uselessness {unknown}


   Skills:
 - Level 2.6 Fighting
 + Level 3.7 Axes
 - Level 3.2 Armour
 - Level 3.2 Shields


You had one spell level left.
You didn't know any spells.
Your spell library was empty.

Dungeon Overview and Level Annotations

Branches:
Dungeon (3/15)

Altars:

Annotations:
D:3 Sigmund


Innate Abilities, Weirdness & Mutations

You are resistant to damage.
You can heal yourself by infusing magical energy.
You passively map a small area around you.
You do not regenerate.


Message History

Sigmund hits you with a +3 scythe of protection!
You closely miss Sigmund. You block Sigmund's attack.
You closely miss Sigmund.
Sigmund hits you with a +3 scythe of protection.
Your magical essence is drained by the effort!
You feel much better.
Sigmund hits you with a +3 scythe of protection.
You hit Sigmund but do no damage.
Sigmund gestures wildly while chanting.
Sigmund flickers and vanishes!
Deactivating autopickup; reactivate with Ctrl-A.
You closely miss something. You block something's attack.
You hit something but do no damage. Something hits you!
You closely miss something. Something hits you but does no damage.
You miss something. Something hits you.
You miss something. Something hits you.
Your scale mail prevents you from hitting something.
Something hits you!
* * * LOW HITPOINT WARNING * * *
You feel much better.
You miss something.
You hear some strange, mumbled words.
A magic dart appears from out of thin air!
The magic dart hits you.
You miss something. Something hits you!
You hit something but do no damage. Something completely misses you.
You miss something. You block something's attack.
You barely miss something.
You hear some strange, mumbled words.
You are confused.
Something hits you.
You closely miss something.
You're too confused!
You hit something but do no damage. Something hits you.
You completely miss something. Something hits you.
* * * LOW HITPOINT WARNING * * *
You hear some strange, mumbled words.
A puff of flame appears from out of thin air!
The puff of flame hits you.
* * * LOW HITPOINT WARNING * * *
You bump into the rock wall.
Something hits you.
* * * LOW HITPOINT WARNING * * *
You feel less confused. Something hits you but does no damage.
Your magical essence is drained by the effort!
You feel much better.
Sigmund appears from thin air!
Reactivating autopickup.
You block Sigmund's attack.
You closely miss Sigmund.
Sigmund hits you with a +3 scythe of protection!
You barely miss Sigmund. Sigmund barely misses you.
You closely miss Sigmund. Sigmund hits you but does no damage.
Your scale mail prevents you from hitting Sigmund.
You block Sigmund's attack.
You hit Sigmund.
Sigmund is lightly wounded.
Sigmund hits you with a +3 scythe of protection!
* * * LOW HITPOINT WARNING * * *
You closely miss Sigmund.
Sigmund is lightly wounded.
Sigmund gestures at you while chanting.
You are confused.
It was a potion of ambrosia.
You are more confused.
You feel invigorated. Sigmund gestures at you while chanting.
You are more confused.
Okay, then.
You feel very mighty all of a sudden.
Sigmund hits you with a +3 scythe of protection!
* * * LOW HITPOINT WARNING * * *
You miss Sigmund.
Sigmund is lightly wounded.
Sigmund hits you with a +3 scythe of protection!
* * * LOW HITPOINT WARNING * * *
You're too confused to move!
You feel less invigorated. Sigmund gestures at you while chanting.
You resist with some effort.
You're too confused to move!
Sigmund hits you but does no damage.
You're too confused to move!
Sigmund hits you but does no damage.
Sigmund points at you and mumbles some strange words.
You are more confused.
Sigmund gestures at you while chanting. The magic dart hits you.
Sigmund hits you but does no damage. Sigmund gestures at you while chanting.
You resist with some effort.
You bump into the rock wall.
Sigmund hits you from afar with a +3 scythe of protection.
You're too confused to move!
Sigmund closely misses you.
You barely miss Sigmund.
Sigmund is lightly wounded.
Sigmund barely misses you.
You slash Sigmund!
Sigmund is moderately wounded.
Sigmund hits you with a +3 scythe of protection!
You die...

##########
#........#
#......!.#
#........# ,
#........#
#..!.....+ ,
##........# ,
#..@@.....#
######.........# ,
###..<##.##+##.....
, #...####.##
*..... , *
#.#...#...#.##,....
# #........>... ...
, + #....###..#.#..
... ###### ...#.# ,
, ..## ?, *


You could see Sigmund.

Vanquished Creatures
  An ooze (D:2)
  A worm (D:2)
  A dart slug (D:2)
  2 ball pythons
  A giant cockroach (D:2)
  2 goblins
  2 hobgoblins
  A frilled lizard (D:1)
  A kobold (D:3)
  4 rats
16 creatures vanquished.

Notes
Turn   | Place    | Note
-------+----------+-------------------------------------------
     0 | D:1      | EnegeticOcto the Deep Dwarf Fighter began the quest for the
                  | Orb.
     0 | D:1      | Reached XP level 1. HP: 20/20 MP: 1/1
    70 | D:1      | You fall into a shaft and drop 1 floor!
    96 | D:2      | Reached XP level 2. HP: 22/27 MP: 2/2
   221 | D:3      | Noticed Sigmund
   276 | D:3      | Slain by Sigmund

Illustrated notes

Levels and vault maps discovered:
D:1:      dpeg_arrival_lava_temple_mockup, layout_loops_ring
D:2:      layout_basic
D:3:      layout_basic, lemuel_coloured_pillars_altar, marbit_many_paths,
          uniq_sigmund

Skill      XL: |  1 |
---------------+----+-----
Axes           | 3 |  3.7
Fighting       | |  2.6
Armour         | |  3.2
Shields        | |  3.2

Action                   || total
-------------------------++-------
Melee: War axe           ||    63
 Abil: Heal Wounds       ||     4
  Use: Potion            ||     2
Armor: Scale mail        ||    25
Dodge: Dodged            ||    17
Block: Kite shield       ||    23

Table legend: (Time is in decaauts)
 A = Elapsed time spent in this place.
 B = Non-inter-level travel time spent in this place.
 C = Inter-level travel time spent in this place.
 D = Time resting spent in this place.
 E = Time spent auto-exploring this place.
 F = Levels seen in this place.
 G = Mean time per level.
                   A        B        C        D        E       F      G
               +--------+--------+--------+--------+--------+-----+--------+
         Total |    303 |    303 |      0 |      0 |      0 |   3 |  101.0 |
       Dungeon |    303 |    303 |      0 |      0 |      0 |   3 |  101.0 |
               +--------+--------+--------+--------+--------+-----+--------+

Top non-repeatable levels by time:
     D:2: 139 daAuts
     D:1: 87 daAuts
     D:3: 77 daAuts
